Map: Lerilak Crest

Players

capac - Winner!

  • Race: Terran Terran
  • League: Gold

A.I. 1 (Elite)

  • Race: Zerg Zerg

VOD

Have the link to the VOD?

Description

Time

  • Played on: March 15, 2016, 2:47 p.m.
  • Length: 10:58
Show
View Real Time Build Order
Export as new Build Order

capac Terran - Winner!

Build Orders: MMM Bio 

Get SALT Encoding   

  12  0:01  SCV  
  13  0:13  SCV  
  14  0:18  Supply Depot  
  14  0:25  SCV  
  15  0:40  SCV  
  16  0:42  Barracks  
  16  0:45  Refinery  
  16  0:52  SCV  
  17  1:04  SCV  
  18  1:16  SCV  
  19  1:28  SCV  
  19  1:32  Reaper  
  21  1:36  Command Center  
  21  1:44  Orbital Command  
  21  2:02  Supply Depot  
  21  2:07  Barracks Tech Lab  
  21  2:10  SCV  
  21  2:12  Refinery  
  22  2:27  Barracks  
  22  2:29  Factory, SCV  
  23  2:44  Marine  
  24  2:52  Orbital Command  
  24  2:56  SCV  
  25  3:05  Marine  
  26  3:08  SCV  
  27  3:16  Barracks  
  27  3:20  Barracks  
  27  3:21  Stimpack  
  27  3:26  Starport  
  27  3:29  Factory Reactor  
  27  3:31  Barracks Reactor  
  27  3:35  SCV  
  27  3:40  SCV  
  29  3:44  Marine  
  30  3:55  SCV x2  
  32  4:02  Marine  
  33  4:07  Barracks Reactor  
  33  4:20  Marine  
  33  4:21  Supply Depot, Marine x2  
  33  4:23  Starport Reactor  
  36  4:24  Factory Tech Lab  
  36  4:27  Supply Depot  
  36  4:28  SCV x2  
  38  4:36  Marine x2  
  40  4:40  Marine, SCV x2  
  40  4:41  Marine  
  40  4:43  Siege Tank  
  47  4:47  Marine x2  
  47  4:48  Marine  
  47  4:51  Supply Depot  
  50  4:53  Supply Depot  
  50  4:55  SCV x2  
  50  4:58  Refinery  
  52  5:04  Medivac  
  52  5:06  Medivac  
  56  5:18  Marine x4  
  56  5:19  Marine x2  
  56  5:21  Marine  
  62  5:25  Combat Shields  
  63  5:29  Supply Depot  
  63  5:31  Supply Depot  
  63  5:49  Marine  
  63  5:50  Marine x5  
  63  5:51  Medivac  
  63  5:52  Medivac  
  63  5:56  Supply Depot x2, SCV x2  
  75  5:58  Refinery  
  75  6:08  SCV x2  
  75  6:09  Marine  
  75  6:10  Marine x4  
  75  6:11  Marine  
  83  6:20  SCV x2  
  83  6:21  Siege Tank  
  88  6:32  SCV  
  83  6:37  SCV  
  83  6:38  Marine x7  
  91  6:41  Medivac  
  91  6:44  SCV  
  93  7:05  Marine x2  
  93  7:06  Marine x5  
  93  7:08  Siege Tank  
  103  7:09  SCV x2  
  103  7:23  Marine x2  
  103  7:24  Marine x5  
  110  7:36  Medivac x2  
  110  7:41  Marine x3  
  110  7:49  Supply Depot  
  110  7:50  Marine x4, Siege Tank  
  117  7:52  Supply Depot  
  117  7:59  Marine  
  118  8:07  Marine x2  
  118  8:08  Marine x2  
  118  8:10  Medivac x2  
  101  8:47  Marine x7  
  103  8:49  Medivac x2  
  107  9:04  Marine  
  106  9:25  Marine x3  
  106  9:26  Marine x4  
  112  10:29  Marine x3  
  112  10:30  Marine x3  
  118  10:37  Marine  
  118  10:39  SCV x2  
Show
View Real Time Build Order
Export as new Build Order

A.I. 1 (Elite) Zerg 

Build Orders: Pool First 

Get SALT Encoding   

  12  0:00  Drone  
  13  0:12  Overlord  
  13  0:17  Drone  
  14  0:30  Drone x2  
  16  0:43  Spawning Pool  
  16  0:45  Drone  
  16  0:50  Drone  
  17  1:13  Hatchery  
  17  1:14  Drone  
  17  1:17  Extractor  
  16  1:19  Drone  
  16  1:23  Drone  
  18  1:27  Drone  
  19  1:38  Overlord  
  19  1:49  Drone  
  19  1:50  Queen  
  22  1:59  Zergling x2  
  23  2:10  Drone  
  24  2:21  Drone  
  25  2:25  Queen, Roach Warren  
  25  2:29  Drone  
  27  2:34  Drone  
  28  2:41  Zergling x2  
  28  2:43  Zergling x2  
  30  2:49  Overlord  
  30  2:53  Drone  
  30  2:56  Drone  
  30  2:58  Drone  
  33  3:00  Drone  
  34  3:08  Roach x2  
  34  3:12  Roach  
  40  3:16  Roach  
  42  3:20  Overlord  
  42  3:26  Drone  
  43  3:28  Drone  
  43  3:29  Overlord  
  43  3:34  Overlord  
  44  3:38  Roach  
  44  3:40  Roach  
  48  3:44  Roach  
  48  3:47  Roach  
  52  3:51  Roach  
  52  3:53  Roach  
  56  3:57  Roach  
  56  4:00  Roach  
  56  4:01  Drone  
  61  4:04  Drone  
  61  4:06  Drone  
  61  4:08  Drone  
  64  4:11  Extractor  
  64  4:12  Drone  
  64  4:17  Overlord  
  64  4:22  Overlord  
  64  4:23  Drone  
  65  4:26  Drone  
  65  4:28  Drone  
  67  4:32  Drone  
  67  4:35  Roach x2  
  72  4:39  Roach  
  72  4:41  Roach  
  72  4:45  Overlord  
  76  4:47  Drone  
  76  4:49  Drone  
  76  4:51  Drone  
  79  4:56  Overlord, Drone  
  80  5:01  Lair  
  80  5:04  Roach  
  80  5:07  Roach  
  84  5:09  Roach  
  84  5:11  Roach  
  88  5:14  Overlord  
  88  5:16  Drone  
  88  5:18  Drone  
  88  5:19  Drone  
  88  5:21  Zergling x2  
  92  5:23  Zergling x2  
  93  5:30  Drone  
  93  5:33  Drone  
  93  5:35  Overlord  
  95  5:39  Extractor  
  95  5:40  Drone  
  95  5:45  Extractor, Drone  
  95  5:58  Evolution Chamber  
  95  5:59  Drone  
  95  6:00  Infestation Pit  
  95  6:01  Drone x2  
  95  6:02  Drone x2  
  95  6:03  Drone, Hydralisk Den  
  98  6:05  Evolution Chamber  
  98  6:08  Hatchery  
  98  6:11  Drone  
  97  6:13  Drone  
  97  6:15  Drone  
  99  6:18  Overlord  
  99  6:19  Drone  
  99  6:26  Zerg Missile Weapons Level 1  
  99  6:28  Baneling Nest, Drone  
  99  6:30  Zergling x2  
  91  6:34  Hydralisk x2  
  91  6:38  Infestor  
  97  6:45  Queen  
  97  6:46  Infestor  
  99  6:55  Roach Warren  
  99  6:57  Zergling x2, Drone  
  97  7:05  Zerg Ground Armor Level 1  
  97  7:08  Drone x2  
  97  7:09  Drone  
  97  7:11  Drone x2  
  97  7:12  Baneling, Drone  
  97  7:14  Baneling, Overseer  
  87  7:19  Zergling x2  
  74  7:27  Drone  
  75  7:31  Drone  
  75  7:34  Queen  
  74  7:42  Zergling x2  
  71  7:48  Hydralisk  
  73  7:53  Hydralisk  
  73  7:57  Drone  
  76  7:59  Drone  
  76  8:03  Drone  
  76  8:05  Drone  
  79  8:08  Drone  
  79  8:11  Drone  
  81  8:13  Drone  
  81  8:17  Drone  
  81  8:19  Drone  
  84  8:22  Drone  
  84  8:24  Drone  
  86  8:27  Drone  
  86  8:30  Drone  
  86  8:32  Drone  
  82  8:37  Zergling x2  
  82  8:40  Zergling x2  
  63  8:44  Roach  
  44  8:49  Roach  
  44  8:54  Roach  
  44  8:56  Zergling x2  
  34  9:17  Zergling x2  
  34  9:20  Zergling x2  
  34  9:23  Hydralisk, Roach x2  
  34  9:24  Roach  
  37  9:43  Roach  
  38  9:47  Roach  
  38  9:51  Roach  
  40  9:55  Spawning Pool  
  31  10:04  Roach, Drone  
  10  10:40  Drone  
  10  10:41  Spawning Pool  
Tags
 
Composition
MMM Bio
League
Gold
Matchup
TvZ
Opening
Pool First
Add a new tag
Caveats
  • Supply blocks, unpowered buildings, or Contaminate may cause inaccurate times.
  • Supply counts are checked every 10 seconds.